 Dungeon Crawl Stone Soup version 0.20.1-1-g8b1a95d (webtiles) character file.

126 KoningWillie the Covered (level 4, -17/41 HPs)
             Began as a Minotaur Fighter on Oct 21, 2017.
             Killed from afar by Ijyb (19 damage)
             ... with a wand of lightning (?/15)
             ... on level 3 of the Dungeon.
             The game lasted 00:03:40 (1814 turns).

KoningWillie the Covered (Minotaur Fighter)         Turns: 1814, Time: 00:03:40

Health: -17/41     AC:  9    Str: 21    XL:     4   Next: 83%
Magic:  3/3        EV: 10    Int:  5    God:
Gold:   147        SH:  0    Dex: 10    Spells: 3/3 levels left

rFire    . . .     SeeInvis .   a - +0 long sword
rCold    . . .     Gourm    .   (no shield)
rNeg     + . .     Faith    +   b - +1 scale mail
rPois    .         Spirit   .   (helmet restricted)
rElec    .         Reflect  .   k - +0 cloak
rCorr    .         Harm     .   (no gloves)
MR       .....                  (no boots)
Stlth    ..........             u - amulet of faith
Regen    0.2/turn               h - ring of positive energy
MPRegen  0.1/turn               (no ring)

@: no status effects
A: retaliatory headbutt, horns 2
a: no special abilities


You were on level 3 of the Dungeon.
You were not hungry.

You visited 1 branch of the dungeon, and saw 3 of its levels.

You collected 147 gold pieces.

Inventory:

Hand Weapons
 a - a +0 long sword (weapon)
Armour
 b - a +1 scale mail (worn)
 i - a +0 scale mail
 k - a +0 cloak (worn)
Jewellery
 h - a ring of positive energy (left hand)
 u - an amulet of faith (around neck)
 v - an uncursed ring of protection from magic {unknown}
Wands
 o - a wand of flame (18/48)
Scrolls
 g - 3 scrolls of teleportation
 m - 2 scrolls of remove curse
 s - a scroll of identify
Potions
 d - a potion of might
 e - a potion of degeneration
 j - a potion of agility {unknown}
 l - a potion of flight {unknown}
 p - a potion of resistance {unknown}
 q - a potion of haste
 t - a potion of heal wounds {unknown}
Comestibles
 c - a royal jelly
 f - a bread ration
 r - 8 fruits


   Skills:
 * Level 4.8 Fighting
 + Level 3.2 Long Blades
 * Level 5.1 Armour
 * Level 1.2 Dodging
   Level 3.6 Shields


You had 3 spell levels left.
You didn't know any spells.

Dungeon Overview and Level Annotations

Branches:
Dungeon (3/15)

Altars:

Annotations:
D:3 Ijyb


Innate Abilities, Weirdness & Mutations

You reflexively headbutt those who attack you in melee.
You have a pair of horns on your head.


Message History

Ijyb is severely wounded.
Ijyb misses you.
You riposte.
Your scale mail prevents you from hitting Ijyb.
Ijyb is severely wounded.
Ijyb zaps a wand.
The bolt of lightning hits you!
* * * LOW HITPOINT WARNING * * *
You slash Ijyb!
Ijyb is almost dead.
Ijyb zaps a wand.
The bolt of lightning hits you!
* * * LOW HITPOINT WARNING * * *
You hit Ijyb but do no damage.
Ijyb is almost dead.
Ijyb barely misses you.
You hit Ijyb but do no damage. Your headbutt misses Ijyb.
Ijyb is almost dead.
Ijyb hits you but does no damage.
You barely miss Ijyb.
Ijyb is almost dead.
Ijyb zaps a wand.
The bolt of lightning hits you!
You die...

.$.
...
...
#.#
#.#
#r#
#g#
#@#
#.#
#.#
#.#
#.#
#.#
#.#
#.#
#.#
#.#
#.#
#.#
#.#
#.#
#.#
#<#
#.#


You could see Ijyb and a quokka.

Vanquished Creatures
  Jessica (D:2)
  4 adders (D:2)
  An ooze (D:1)
  A worm (D:2)
  2 leopard geckos (D:2)
  An orc (D:3)
  2 giant cockroaches (D:1)
  7 goblins
  4 hobgoblins
  4 jackals
  7 kobolds
  A ball python (D:2)
  8 bats
  A frilled lizard (D:1)
  7 rats
51 creatures vanquished.

Notes
Turn   | Place    | Note
-------+----------+-------------------------------------------
     0 | D:1      | KoningWillie the Minotaur Fighter began the quest for the Orb.
     0 | D:1      | Reached XP level 1. HP: 19/19 MP: 0/0
   160 | D:1      | Reached XP level 2. HP: 27/27 MP: 1/1
   260 | D:1      | Reached skill level 4 in Armour
   587 | D:1      | Reached XP level 3. HP: 34/34 MP: 2/2
  1267 | D:2      | Reached XP level 4. HP: 40/41 MP: 3/3
  1520 | D:2      | Noticed Jessica
  1525 | D:2      | Killed Jessica
  1525 | D:2      | Reached skill level 5 in Armour
  1567 | D:2      | Reached skill level 1 in Dodging
  1801 | D:3      | Noticed Ijyb
  1811 | D:3      | HP: 1/41 [Ijyb/wand of lightning (?/15) (11)]
  1814 | D:3      | Killed from afar by Ijyb

Skill      XL: |  1  2  3  4 |
---------------+-------------+-----
Fighting       | 4 |  4.8
Armour         | 4 5 |  5.1
Long Blades    | 3 |  3.2
Dodging        | 1 |  1.2
Shields        | |  3.6

Action                   |  1- 3 |  4- 6 || total
-------------------------+-------+-------++-------
Melee: Long sword        |    74 |    31 ||   105
       Headbutt          |    12 |     2 ||    14
  Use: Scroll            |     4 |     2 ||     6
  Eat: Chunk             |     1 |       ||     1
       Bread ration      |       |     1 ||     1
Armor: Scale mail        |    64 |    29 ||    93
Dodge: Dodged            |    62 |    15 ||    77
       Rpst.: Long sword |    16 |     5 ||    21
